 Dungeon Crawl Stone Soup version 0.22.0-6-g71bd7aa (webtiles) character file.

154 NormalPerson7T the Grave Robber (level 5, 0/31 HPs)
             Began as a Gargoyle Necromancer on Aug 15, 2018.
             Slain by an orc priest
             ... wielding a +0 club
              (4 damage)
             ... on level 3 of the Dungeon.
             The game lasted 00:03:40 (3051 turns).

NormalPerson7T the Grave Robber (GrNe)              Turns: 3051, Time: 00:03:40

Health: 0/31       AC:  9    Str: 13    XL:     5   Next: 36%
Magic:  5/8        EV:  6    Int: 15    God:
Gold:   19         SH: 11    Dex: 10    Spells: 7/8 levels left

rFire    . . .     SeeInvis .   m - +0 mace
rCold    . . .     Gourm    .   o - +0 large shield
rNeg     + . .     Faith    .   p - +0 ring mail
rPois    ∞         Spirit   .   (no helmet)
rElec    +         Reflect  .   (no cloak)
rCorr    .         Harm     .   (no gloves)
MR       .....                  (no boots)
Stlth    +.........             (no amulet)
HPRegen  0.10/turn              (no ring)
MPRegen  0.11/turn              (no ring)

@: very slightly contaminated
A: negative energy resistance 1, electricity resistance, unbreathing,
petrification resistance, rot immunity, AC +4
a: no special abilities


You were on level 3 of the Dungeon.
You were not hungry.

You visited 1 branch of the dungeon, and saw 3 of its levels.

You collected 19 gold pieces.

Inventory:

Hand Weapons
 d - a +0 hand axe
 m - a +0 mace (weapon)
Armour
 a - a +1 robe
 o - a +0 large shield (worn)
 p - a +0 ring mail (worn)
Scrolls
 e - a scroll of enchant armour
 f - a scroll of enchant weapon {unknown}
 h - a scroll of random uselessness {unknown}
 n - a scroll of identify {unknown}
 q - a scroll of remove curse {unknown}
 r - 2 scrolls of immolation {unknown}
Potions
 b - a potion of lignification {unknown}
 c - 2 potions of curing
 i - a potion of degeneration {unknown}
 j - a potion of magic {unknown}
 l - a potion of heal wounds {unknown}
Comestibles
 k - a ration


   Skills:
 + Level 2.3 Fighting
 - Level 2.1(2.5) Axes
 * Level 2.0(2.5) Maces & Flails
 - Level 1.7 Dodging
 - Level 2.4 Stealth
 * Level 1.7 Shields
 - Level 2.1 Spellcasting
 - Level 3.3 Necromancy


You had 7 spell levels left.
You knew the following spells:

 Your Spells              Type           Power        Failure   Level  Hunger
a - Pain                  Necr           ##..         94%         1    #......

Your spell library contained the following spells:

 Spells                   Type           Power        Failure   Level  Hunger
 Animate Dead             Necr           N/A          100%        4    #####..
 Animate Skeleton         Necr           N/A          94%         1    #......
 Vampiric Draining        Necr           ##........   100%        3    ###....
 Regeneration             Chrm/Necr      #.........   100%        3    ###....


Dungeon Overview and Level Annotations

Branches:
Dungeon (3/15)

Altars:
Uskayaw


Innate Abilities, Weirdness & Mutations

You are resistant to torment.
Your stone body is resilient. (AC +4)
You are immune to poison.
You resist negative energy. (rN+)
You are resistant to electric shocks. (rElec)
You can survive without breathing.
You are immune to petrification.
You are immune to rotting.


Message History

You sense a malignant aura.
Unknown command.
You completely miss the orc priest.
The orc priest is heavily wounded.
The orc priest mumbles some strange prayers to Beogh against you.
Pain shoots through your body! You block the orc priest's attack.
You hit the orc priest.
The orc priest is heavily wounded.
The orc priest miscasts a cantrip.
You closely miss the orc priest.
The orc priest is heavily wounded.
The orc priest mumbles some strange prayers to Beogh against you.
Beogh smites you!
You hit the orc priest.
The orc priest is almost dead.
The orc priest mumbles some strange prayers to Beogh against you.
Beogh smites you!
* * * LOW HITPOINT WARNING * * *
The orc priest hits you with a club.
You die...

# ######## .o. #......#
#####...o. #......#
#......... #..(...#
#.#######. #......# ###o#
#......# #.#@#.#
##......#####.#.#.#..
#.......'.....#.#.#.#
#.......#######.#.#.#.#
#.......# #.#.#.#.#
#.#####.# #.#.#.#.# #
#.......# #.#[..#.# .#
#.#####.#######.#.....# ..#
#.#####'#.............#...#


You could see an orc priest.

Vanquished Creatures
  A bullfrog (D:2)
  2 adders (D:2)
  3 worms (D:2)
  2 dart slugs
  6 leopard geckos
  A ball python (D:3)
  10 bats
  2 giant cockroaches (D:2)
  8 goblins
  6 hobgoblins
  7 kobolds
  4 frilled lizards (D:1)
  8 rats
60 creatures vanquished.

Notes
Turn   | Place    | Note
-------+----------+-------------------------------------------
     0 | D:1      | NormalPerson7T the Gargoyle Necromancer began the quest for the Orb.
     0 | D:1      | Reached XP level 1. HP: 10/10 MP: 3/3
   264 | D:1      | Reached XP level 2. HP: 15/15 MP: 5/5
   562 | D:1      | Reached skill level 1 in Axes
   621 | D:1      | Reached skill level 1 in Fighting
   708 | D:1      | Reached XP level 3. HP: 17/20 MP: 6/6
  1183 | D:2      | Found a hide-covered altar of Uskayaw.
  2097 | D:2      | Reached XP level 4. HP: 23/25 MP: 7/7
  2203 | D:2      | Reached skill level 1 in Maces & Flails
  2595 | D:2      | Noticed a bullfrog
  2622 | D:2      | Killed a bullfrog
  2622 | D:2      | Reached skill level 1 in Shields
  2622 | D:2      | Reached XP level 5. HP: 7/30 MP: 8/8
  3051 | D:3      | Slain by an orc priest

Skill      XL: |  1  2  3  4 |
---------------+-------------+-----
Axes           | 1 2 |  2.1
Fighting       | 1 2 |  2.3
Maces & Flails | 2 |  2.0
Shields        | 1 |  1.7
Dodging        | |  1.7
Stealth        | |  2.4
Spellcasting   | |  2.1
Necromancy     | |  3.3

Action                   |  1- 3 |  4- 6 || total
-------------------------+-------+-------++-------
Melee: Hand axe          |   118 |       ||   118
       Mace              |    47 |    97 ||   144
 Cast: Pain              |     7 |     3 ||    10
  Use: Scroll            |     1 |       ||     1
       Potion            |       |     3 ||     3
 Stab: Sleeping          |    11 |       ||    11
  Eat: Chunk             |     3 |     5 ||     8
Armor: Robe              |    93 |    16 ||   109
       Ring mail         |       |    21 ||    21
Dodge: Dodged            |   147 |    32 ||   179
Block: Large shield      |       |    53 ||    53
